 Dungeon Crawl Stone Soup version 0.31-a0-174-g85c54bcb58 (webtiles) character file.

Game seed: 12915212942704496049

132 qw the Shooter (level 5, -6/32 HPs)
             Began as a Gargoyle Hunter on June 15, 2023.
             Mangled by an ogre
             ... wielding a +0 giant club
              (13 damage)
             ... on level 3 of the Dungeon.
             The game lasted 00:00:49 (2207 turns).

qw the Shooter (Gargoyle Hunter)                    Turns: 2207, Time: 00:00:49

Health: -6/32      AC: 10    Str: 15    XL:     5   Next: 15%
Magic:  5/5        EV: 11    Int:  9    God:
Gold:   82         SH:  0    Dex: 15    Spells: 4/4 levels left

rFire   . . .        Y - +0 shortbow
rCold   . . .        (shield currently unavailable)
rNeg    + . .        n - +0 ring mail
rPois   inf          (no helmet)
rElec   +            (no cloak)
rCorr   .            (no gloves)
SInv    +            j - +0 pair of boots
Will    .....        (no amulet)
Stlth   +            a - ring of see invisible
HPRegen 0.25/turn    (no ring)
MPRegen 0.09/turn

%: no passive effects
@: mighty, about to teleport
A: sickness immunity, AC +4, negative energy resistance 1, electricity
resistance, torment resistance 1, petrification resistance
a: no special abilities


You were on level 3 of the Dungeon.
You visited 1 branch of the dungeon, and saw 4 of its levels.

You collected 161 gold pieces.
You spent 79 gold pieces at shops.


Innate Abilities, Weirdness & Mutations

You are immune to sickness and miasma.
Your stone body is resilient. (AC +4)
You are immune to poison.
You resist negative energy. (rN+)
You are resistant to electric shocks. (rElec)
You are resistant to unholy torment.
You are immune to petrification.


   Skills:
 - Level 3.2 Fighting
 - Level 5.9 Ranged Weapons
 + Level 0.0 Armour
 - Level 1.5 Dodging
 - Level 1.1 Stealth


You had 4 spell levels left.
You didn't know any spells.
Your spell library was empty.

Inventory:

Hand Weapons
 Y - a +0 shortbow (weapon)
Armour
 j - a +0 pair of boots (worn)
 n - a +0 ring mail (worn)
Jewellery
 a - a ring of see invisible (left hand)
Scrolls
 f - a scroll of identify
Potions
 b - a potion of lignification
 d - a potion of degeneration {unknown}
 e - a potion of mutation
 g - a potion of might
 h - a potion of cancellation {unknown}
 i - a potion of curing
 m - a potion of attraction {unknown}
 q - a potion of magic {unknown}

Dungeon Overview and Level Annotations

Branches:
Dungeon (4/15)
 Temple: D:4-7

Altars:
Ashenzari

Shops:
D:2 *   D:3 !


Message History

As you read the scroll labelled XAN LISADIJI, it crumbles to dust.
You hear a loud clanging noise!
It was a scroll of noise.
Done exploring.
2178 ||| DRINKING 2 cyan potions.
It was a potion of might.
You feel very mighty all of a sudden.
Done exploring.
2179 ||| DRINKING 2 viscous clear potions.
It was a potion of curing.
You feel better.
Done exploring.
2180 ||| READING 2 scrolls of identify.
As you read the scroll of identify, it crumbles to dust.
b - a potion of lignification;
2180 ||| IDENTIFYING brown potion Done exploring.
(D) Dungeon
Where to? (* - list waypoints, Enter - D:3, ? - help)
What level of the Dungeon? (default 1, ? - help)
There is a stone staircase leading down here.
You climb downwards.
The orc shouts!
There is a stone staircase leading up here.
There are monsters nearby!
Waypoint 3 assigned to D:4.
You shoot an arrow. The arrow barely misses the ogre.
The ogre shouts!
You hear a shout!
The ogre hits you with a +0 giant club!
2203 ||| STAIRDANCE You climb upwards.
There is a stone staircase leading down here.
You shoot an arrow. The arrow barely misses the ogre.
The ogre barely misses you.
You shoot an arrow. The arrow barely misses the ogre.
The ogre hits you with a +0 giant club!!
Ouch! That really hurt!
2207 ||| READING scroll of teleportation.
As you read the scroll of teleportation, it crumbles to dust.
You feel strangely unstable. The ogre hits you with a +0 giant club!
You die...

######################
######.....................
#..........################
#..............############
#..........................
#...............#.########.
#.............#.#.# #.
######.##.@...+...# #.
#.##O....#..## #.
#.##.....#..# #.
########.##.....#..#########.
#.........'.....#............
#.##.....##.....#............
#.#......##..####.###.#.####.
#.+......##..####......<...#.
###......##...........#......


You could see an ogre.

Vanquished Creatures
  A jelly (D:3)
  An orc wizard (D:3)
  2 adders
  A dart slug (D:1)
  4 orcs (D:3)
  6 endoplasms
  A giant cockroach (D:1)
  6 goblins
  2 hobgoblins
  10 kobolds
  2 quokkas (D:3)
  7 ball pythons (D:1)
  2 bats (D:1)
  2 frilled lizards
  9 rats
56 creatures vanquished.

Notes
Turn   | Place    | Note
-------+----------+-------------------------------------------
     0 | D:1      | qw the Gargoyle Hunter began the quest for the Orb.
     0 | D:1      | Reached XP level 1. HP: 12/12 MP: 1/1
     0 | D:1      | 0 ||| qw: Version: 0.2-a-29-g511e9b1
     0 | D:1      | 0 ||| qw: Game counter: 5628
     0 | D:1      | 0 ||| qw: Always use a shield: true
     0 | D:1      | 0 ||| qw: God list: Okawaru
     0 | D:1      | 0 ||| qw: Allow faded altars: false
     0 | D:1      | 0 ||| qw: Do Orc after D:15 true
     0 | D:1      | 0 ||| qw: Do second Lair branch before Depths: true
     0 | D:1      | 0 ||| qw: Lair rune preference: random
     0 | D:1      | 0 ||| qw: Plans: Normal, Zot:1-4, Slime:5, God:TSO, Crypt,
                  | Tomb, Abyss, Pan, Hells, Win
     0 | D:1      | 0 ||| PLANNING D:1-11
   182 | D:1      | Reached XP level 2. HP: 17/17 MP: 2/2
   285 | D:1      | 285 ||| READING scroll labelled ESUQAIPIGI.
   286 | D:1      | 286 ||| READING 2 scrolls labelled QEDWUN IWED.
   287 | D:1      | 287 ||| DROPPING scroll of butterflies.
   342 | D:1      | Found a faded altar of an unknown god.
   602 | D:1      | Reached XP level 3. HP: 21/21 MP: 3/3
   647 | D:1      | Reached skill level 5 in Ranged Weapons
   860 | D:1      | 860 ||| UPGRADING to ring of see invisible.
   861 | D:1      | 861 ||| READING 2 scrolls of identify.
   861 | D:1      | 861 ||| IDENTIFYING glowing grey potion
  1066 | D:2      | 1066 ||| DROPPING +2 sling of freezing.
  1087 | D:2      | Found Yqeheah's Assorted Antiques.
  1093 | D:2      | 1093 ||| BUYING bubbling sapphire potion (19 gold).
  1093 | D:2      | Bought a bubbling sapphire potion for 19 gold pieces
  1093 | D:2      | 1093 ||| BUYING cyan potion (19 gold).
  1093 | D:2      | Bought a cyan potion for 19 gold pieces
  1093 | D:2      | 1093 ||| BUYING fizzy blue potion (19 gold).
  1093 | D:2      | Bought a fizzy blue potion for 19 gold pieces
  1093 | D:2      | 1093 ||| BUYING scroll labelled ATZIQUNARY (22 gold).
  1093 | D:2      | Bought a scroll labelled ATZIQUNARY for 22 gold pieces
  1093 | D:2      | 1093 ||| SHOPLISTING scroll labelled GEOCREEXOPS (22 gold,
                  | have 13).
  1093 | D:2      | 1093 ||| SHOPLISTING scroll labelled XAAMUY XOPSA (22 gold,
                  | have 13).
  1093 | D:2      | 1093 ||| SHOPLISTING scroll of identify (44 gold, have 13).
  1234 | D:2      | 1234 ||| UPGRADING to +0 pair of boots.
  1239 | D:2      | 1239 ||| READING scroll labelled ATZIQUNARY.
  1294 | D:3      | Reached skill level 3 in Fighting
  1295 | D:3      | Reached XP level 4. HP: 27/28 MP: 4/4
  1425 | D:3      | Found Ifiro's Distillery.
  1434 | D:3      | 1434 ||| SHOPLISTING potion of attraction (42 gold, have
                  | 27).
  1434 | D:3      | 1434 ||| SHOPLISTING potion of curing (42 gold, have 27).
  1434 | D:3      | 1434 ||| SHOPLISTING potion of haste (140 gold, have 27).
  1434 | D:3      | 1434 ||| SHOPLISTING potion of mutation (112 gold, have
                  | 27).
  1519 | D:3      | Reached XP level 5. HP: 24/32 MP: 5/5
  1680 | D:3      | 1680 ||| FLEEEEING.
  1681 | D:3      | 1681 ||| FLEEEEING.
  1686 | D:3      | 1686 ||| FLEEEEING.
  1687 | D:3      | 1687 ||| FLEEEEING.
  1689 | D:3      | 1689 ||| FLEEEEING.
  1690 | D:3      | 1690 ||| FLEEEEING.
  1691 | D:3      | 1691 ||| FLEEEEING.
  1825 | D:3      | Found a broken altar of Ashenzari.
  2164 | D:3      | 2164 ||| UPGRADING to +0 ring mail.
  2174 | D:3      | 2174 ||| DROPPING +0 leather armour.
  2175 | D:3      | 2175 ||| DROPPING ring of wizardry.
  2176 | D:3      | 2176 ||| READING scroll labelled XAAMUY XOPSA.
  2177 | D:3      | 2177 ||| READING scroll labelled XAN LISADIJI.
  2178 | D:3      | 2178 ||| DRINKING 2 cyan potions.
  2179 | D:3      | 2179 ||| DRINKING 2 viscous clear potions.
  2180 | D:3      | 2180 ||| READING 2 scrolls of identify.
  2180 | D:3      | 2180 ||| IDENTIFYING brown potion
  2201 | D:4      | Noticed an ogre
  2203 | D:4      | 2203 ||| STAIRDANCE
  2206 | D:3      | HP: 7/32 [ogre/+0 giant club (18)]
  2207 | D:3      | 2207 ||| READING scroll of teleportation.
  2207 | D:3      | Mangled by an ogre

Levels and vault maps discovered:
D:1:      scummos_arrival_forest, layout_loops_ring,
          nicolae_ecumenical_snake_handling, serial_co_window_serial,
          co_window_paths_a, co_window_paths_a, co_window_paths_b,
          co_window_paths_b, co_window_paths_b, co_window_unsneaky_path_d,
          co_window_cross_4, co_window_corner_b, co_window_corner_ca,
          co_window_broadway_c, minmay_pentomino_x2
D:2:      layout_rooms, serial_shops, nicolae_shop_tiny_glass
D:3:      layout_basic, old_standard_altar, serial_shops, shop,
          grunt_ministairs_14, nicolae_the_louvre
D:4:      layout_cave_pools, uniq_pikel, uniq_blork_the_orc

Skill      XL: |  1  2  3 |
---------------+----------+-----
Ranged Weapons | 5 |  5.9
Fighting       | 3 |  3.2
Dodging        | |  1.5
Stealth        | |  1.1

Action                     |  1- 3 |  4- 6 || total
---------------------------+-------+-------++-------
   Fire: Shortbow          |    98 |    54 ||   152
    Use: Scroll            |     4 |     4 ||     8
         Potion            |       |     2 ||     2
 Armour: Leather armour    |    15 |    12 ||    27
  Dodge: Dodged            |    23 |    19 ||    42

Table legend:
 A = Non-vault XP
 B = Vault XP
 C = Vault XP percentage of total XP
 D = Non-vault monster count
 E = Vault monster count
 F = Vault count percentage of total count
                 A         B        C        D         E       F
            +---------+---------+-------+---------+---------+-------
      Total |     180 |       9 |   4.8 |      49 |       7 |  12.5
            +---------+---------+-------+---------+---------+-------
        D:1 |      34 |       7 |  17.1 |      21 |       5 |  19.2
        D:2 |      27 |       0 |   0.0 |      10 |       0 |   0.0
        D:3 |     119 |       2 |   1.7 |      18 |       2 |  10.0
            +---------+---------+-------+---------+---------+-------
